 Dungeon Crawl Stone Soup version 0.30.1 (webtiles) character file.

Game seed: 16134905092473032928

100 Descartes the Shield-Bearer (level 5, -4/42 HPs)
             Began as a Formicid Fighter on July 9, 2023.
             Slain by an orc warrior
             ... wielding a +0 flail
              (10 damage)
             ... on level 3 of the Dungeon.
             The game lasted 00:02:36 (2403 turns).

Descartes the Shield-Bearer (Formicid Fighter)      Turns: 2403, Time: 00:02:37

Health: -4/42      AC:  6    Str: 21    XL:     5   Next: 3%
Magic:  6/6        EV:  9    Int:  9    God:
Gold:   112        SH:  5    Dex: 13    Spells: 6/6 levels left

rFire   . . .        a - +0 war axe
rCold   . . .        c - +0 buckler
rNeg    . . .        b - +0 scale mail
rPois   .            (helmet unavailable)
rElec   .            (no cloak)
rCorr   .            (no gloves)
SInv    +            (no boots)
Will    .....        (no amulet) Stlth
                     (no ring)
HPRegen 0.27/turn    (no ring)
MPRegen 0.10/turn

%: no passive effects
@: mighty
A: permanent stasis, dig shafts and tunnels, antennae 3, four strong arms
a: Dig, Shaft Self


You were on level 3 of the Dungeon.
You visited 1 branch of the dungeon, and saw 4 of its levels.

You collected 112 gold pieces.

Inventory:

Hand Weapons
 a - a +0 war axe (weapon)
 h - a +0 morningstar
Missiles
 r - 2 poisoned darts
 u - 2 boomerangs
Armour
 b - a +0 scale mail (worn)
 c - a +0 buckler (worn)
 k - a +0 leather armour of fire resistance
Magical Staves
 g - a staff of death
Wands
 o - a wand of flame (20)
Scrolls
 e - a scroll of teleportation {unknown}
 f - 5 scrolls of identify {unknown}
 j - a scroll of immolation {unknown}
 l - a scroll of enchant weapon {unknown}
 p - a scroll of vulnerability {unknown}
 s - a scroll of blinking {unknown}
Potions
 d - a potion of might
 i - a potion of berserk rage {unknown}
 m - a potion of flight {unknown}
 n - a potion of curing {unknown}
 q - a potion of lignification {unknown}
 t - a potion of haste {unknown}


   Skills:
 + Level 3.6 Fighting
 + Level 2.4 Axes
 + Level 3.6 Armour
 + Level 4.4 Shields
 + Level 1.1 Spellcasting
 * Level 2.7 Earth Magic
 + Level 1.3 Evocations


You had 6 spell levels left.
You didn't know any spells.
Your spell library contained the following spells:

 Spells                   Type           Power      Damage    Failure   Level
 Anguish                  Hex/Necr       0%         N/A       100%        4
 Cause Fear               Hex            0%         N/A       100%        4
 Enfeeble                 Hex            0%         N/A       100%        7


Dungeon Overview and Level Annotations

Branches:
Dungeon (4/15)
 Temple: D:4-7

Altars:

Annotations:
D:3 1 runed translucent door, aloneDruid's ghost, weakling DgHu


Innate Abilities, Weirdness & Mutations

You cannot be hasted, slowed, berserked, paralysed or teleported.
You can dig through walls and to a lower floor.
You have a pair of large antennae on your head. (SInv)
Your four strong arms can wield two-handed weapons with a shield.


Message History

Done exploring.
There is a stone staircase leading down here.
You climb downwards.
The orc warrior shouts!
The orc shouts! x2
There is a stone staircase leading up here.
You slash the orc warrior!
The orc warrior is moderately wounded.
The orc hits you from afar with a +0 trident!
An orc comes into view. It is wielding a +0 falchion.
You block the orc warrior's attack.
The orc shouts!
The orc warrior hits you with a +0 flail.
The orc closely misses you.
You climb upwards.
Level annotation: 1 runed translucent door, aloneDruid's ghost, weakling DgHu
There is a stone staircase leading down here.
You barely miss the orc warrior.
The orc warrior is moderately wounded.
The orc warrior hits you with a +0 flail.
You hit the orc warrior but do no damage.
The orc warrior is moderately wounded.
The orc warrior hits you with a +0 flail!
The orc warrior closely misses you.
You are too injured to fight recklessly!
You are too injured to fight recklessly!
You are too injured to fight recklessly!
You are too injured to fight recklessly!
You are too injured to fight recklessly!
You are too injured to fight recklessly!
You are too injured to fight recklessly!
You closely miss the orc warrior.
The orc warrior is moderately wounded.
The orc warrior hits you with a +0 flail!
* * * LOW HITPOINT WARNING * * *
You feel very mighty all of a sudden. The orc warrior closely misses you.
You slash the orc warrior!
The orc warrior is almost dead.
The orc warrior hits you with a +0 flail!
You die...

#.######..##.# #..########..###
##....##.....# #...............
#.###.######.#####.............).
.## #.# #.......#########..### ##
#.# ####.#..# #..### ## #.#
#.#..# #..... .# #.# #.#.<#
#.#### .# #.# #.#..# #.# #
.####.# #.@..## #.# # ......#
#.o...########.# #
.##############..............# #
.# #...........[.....###### # .#
##.#######'#######.# # .# #..#
#.# #.### ### .# #..# #####.#####
#...# #.# .# ##..# #...'.'...#
#...# ###.# .# #...# #.###.###.#
#.#.###...#


You could see an orc warrior.

Vanquished Creatures
  4 adders
  3 orcs (D:2)
  9 ball pythons
  4 endoplasms
  A giant cockroach (D:1)
  2 goblins
  6 hobgoblins
  7 jackals (D:1)
  6 kobolds
  2 quokkas
  4 bats
  4 frilled lizards
  4 rats
56 creatures vanquished.

Notes
Turn   | Place    | Note
-------+----------+-------------------------------------------
     0 | D:1      | Descartes the Formicid Fighter began the quest for the Orb.
     0 | D:1      | Reached XP level 1. HP: 18/18 MP: 1/1
   244 | D:1      | Reached XP level 2. HP: 24/24 MP: 2/2
   301 | D:1      | Reached skill level 1 in Earth Magic
   641 | D:1      | Reached XP level 3. HP: 29/29 MP: 3/3
  1018 | D:2      | Reached XP level 4. HP: 34/35 MP: 5/5
  1019 | D:2      | Reached skill level 1 in Evocations
  1291 | D:2      | Reached skill level 1 in Spellcasting
  1667 | D:3      | Found a runed translucent door.
  1670 | D:3      | Noticed aloneDruid's ghost (weakling DgHu)
  1979 | D:3      | Reached XP level 5. HP: 40/42 MP: 6/6
  2395 | D:4      | Noticed an orc warrior
  2403 | D:3      | Slain by an orc warrior

Illustrated notes

Levels and vault maps discovered:
D:1:      onia_arrival_pyramid, layout_loops_corners
D:2:      layout_loops_ring
D:3:      layout_loops_ring, gammafunk_ghost_grave, minivault_5,
          minmay_door_square, supply_closet_lemuel
D:4:      layout_loops_cross, kennysheep_mini, serial_shops,
          nicolae_shop_window_shopping, uniq_blork_the_orc

Skill      XL: |  1  2  3  4 |
---------------+-------------+-----
Earth Magic    | 1 2 |  2.7
Evocations     | 1 |  1.3
Spellcasting   | 1 |  1.1
Fighting       | |  3.6
Axes           | |  2.4
Armour         | |  3.6
Shields        | |  4.4

Action                     |  1- 3 |  4- 6 || total
---------------------------+-------+-------++-------
  Melee: War axe           |    73 |    65 ||   138
    Use: Potion            |       |     1 ||     1
 Armour: Scale mail        |    29 |    31 ||    60
  Dodge: Dodged            |    44 |    27 ||    71
  Block: Buckler           |    15 |    15 ||    30
